 Dungeon Crawl Stone Soup version 0.24-a0-226-gca05e9d (console) character file.

Game seed: 16269350182674273704

612 bli the Insei (level 7, 0/55 HPs)
             Began as a Purple Draconian Transmuter on Mar 31, 2019.
             Slain by a gnoll (9 damage)
             ... on level 5 of the Dungeon.
             The game lasted 00:15:52 (4802 turns).

bli the Insei (Purple Draconian Transmuter)         Turns: 4802, Time: 00:15:53

Health: 0/55       AC:  9    Str: 12    XL:     7   Next: 20%
Magic:  11/11      EV: 12    Int: 14    God:
Gold:   212        SH:  0    Dex: 13    Spells: 8/12 levels left

rFire    . . .     SeeInvis .     - Unarmed
rCold    . . .     Gourm    .   (no shield)
rNeg     . . .     Faith    .   (armour unavailable)
rPois    .         Spirit   .   (helmet restricted)
rElec    .         Reflect  .   F - +0 cloak
rCorr    .         Harm     .   s - +0 pair of gloves
MR       +....                  (no boots)
Stlth    +++.......             (no amulet)
HPRegen  0.18/turn              n - ring of stealth
MPRegen  0.12/turn              v - +1 ring of protection

@: about to teleport
A: breathe power, unfitting armour, cold-blooded, AC +6
a: Breathe Dispelling Energy


You were on level 5 of the Dungeon.
You were not hungry.

You visited 1 branch of the dungeon, and saw 5 of its levels.

You collected 212 gold pieces.

Inventory:

Hand Weapons
 k - a +1 vampiric dagger
 C - a +0 spear of venom
Missiles
 a - 56 arrows
 j - 145 stones (quivered)
 m - 5 needles of confusion
 B - 15 poisoned needles
Armour
 s - a +0 pair of gloves (worn)
 y - a +0 pair of gloves
 F - a +0 cloak (worn)
Jewellery
 b - an uncursed ring of magical power
 n - a ring of stealth (left hand)
 u - an uncursed amulet of inaccuracy
 v - a +1 ring of protection (right hand)
 x - an uncursed ring of magical power
Wands
 G - a wand of digging (6)
Scrolls
 d - a scroll of identify {unknown}
 h - a scroll of enchant armour {unknown}
 l - a scroll of noise {unknown}
 p - a scroll of amnesia {unknown}
 q - a scroll of fog {unknown}
 r - a scroll of fear {unknown}
 t - 4 scrolls of teleportation
 w - a scroll of random uselessness {unknown}
 z - 2 scrolls of remove curse
 A - a scroll of blinking {unknown}
Potions
 e - a potion of mutation {unknown}
 f - 2 potions of curing
 g - a potion of heal wounds {unknown}
 i - a potion of magic {unknown}
 o - 2 potions of might {unknown}
 D - a potion of degeneration {unknown}
Comestibles
 c - 8 rations


   Skills:
 * Level 2.0 Fighting
 + Level 2.2 Dodging
 + Level 1.1 Stealth
 + Level 7.0 Unarmed Combat
 + Level 3.1 Spellcasting
 * Level 2.7 Transmutations
 + Level 2.0 Poison Magic


You had 8 spell levels left.
You knew the following spells:

 Your Spells              Type           Power        Failure   Level  Hunger
a - Beastly Appendage     Tmut           ##....       7%          1    #......
b - Spider Form           Tmut/Pois      #.........   24%         3    ###....

Your spell library contained the following spells:

 Spells                   Type           Power        Failure   Level  Hunger
 Sticks to Snakes         Tmut           ##......     11%         2    ##.....
 Freeze                   Ice            #...         22%         1    #......
 Throw Frost              Conj/Ice       #.....       32%         2    ##.....
 Ozocubu's Armour         Chrm/Ice       #.......     54%         3    ###....
 Ice Form                 Ice/Tmut       #.......     75%         4    #####..
 Blade Hands              Tmut           ##........   88%         5    ######.
 Summon Ice Beast         Ice/Summ       #.......     91%         4    #####..
 Throw Icicle             Conj/Ice       #.......     91%         4    #####..


Dungeon Overview and Level Annotations

Branches:
Dungeon (5/15)
 Temple: D:4-7

Altars:
Fedhas
Gozag
Makhleb

Shops:
D:4 [   D:5 (

Annotations:
D:3 Sigmund


Innate Abilities, Weirdness & Mutations

You can breathe bolts of dispelling energy.
Your rich purple scales are hard. (AC +6)
You cannot fit into any form of body armour.
You are cold-blooded and may be slowed by cold attacks.


Message History

The orc closely misses you.
The gnoll hits you from afar with a +0 spear.
* * * LOW HITPOINT WARNING * * *
You closely miss the orc wizard.
The orc wizard is almost dead.
The gnoll hits you but does no damage. The orc wizard casts a spell at you.
The magic dart hits you.
* * * LOW HITPOINT WARNING * * *
The orc closely misses you. The gnoll hits you but does no damage.
It was a potion of curing.
You feel better. The gnoll closely misses you. The gnoll misses you.
The orc wizard gestures wildly while chanting.
The orc wizard blinks!
The orc hits you but does no damage. The gnoll hits you but does no damage.
As you read the scroll of teleportation, it crumbles to dust.
You feel strangely unstable.
Your talons disappear.
The gnoll hits you with a +0 club.
* * * LOW HITPOINT WARNING * * *
The gnoll hits you!
You die...

### # #.....
#.#.... # #.#....
.#. >.... .... #
#.o. .....
####.##o##...###
#.....og@ยง......
.##.##g###..###
#....g........
###.#.######.#
#........g.#
#####.####g#
#....#.# #.##.#g#
#+##.#g# #.#.#
#.#'#### #


You could see an orc wizard, 3 gnolls and 2 orcs.

Vanquished Creatures
  A centaur (D:5)
  An ogre (D:4)
  A hound (D:3)
  A jelly (D:5)
  3 orc priests
  2 orc wizards
  3 worker ants
  5 gnolls
  3 adders
  An adder skeleton (D:5)
  3 dart slugs
  2 leopard geckos (D:2)
  10 orcs
  2 ball pythons
  A giant cockroach (D:3)
  6 goblins
  8 hobgoblins
  6 jackals
  7 bats
  3 frilled lizards
  6 kobolds
  A quokka skeleton (D:3)
  A quokka zombie (D:5)
  15 rats
  A plant (D:3)
93 creatures vanquished.

Vanquished Creatures (others)
  A bush (D:3)
  A plant (D:3)
2 creatures vanquished.

Grand Total: 95 creatures vanquished

Notes
Turn   | Place    | Note
-------+----------+-------------------------------------------
     0 | D:1      | bli the Draconian Transmuter began the quest for the Orb.
     0 | D:1      | Reached XP level 1. HP: 16/16 MP: 3/3
   400 | D:1      | Reached XP level 2. HP: 20/23 MP: 1/5
   920 | D:2      | Reached skill level 4 in Unarmed Combat
   967 | D:2      | Reached XP level 3. HP: 28/28 MP: 6/6
   972 | D:2      | Learned a level 3 spell: Spider Form
  1891 | D:3      | Reached XP level 4. HP: 34/35 MP: 7/7
  1925 | D:3      | Reached skill level 1 in Stealth
  2100 | D:3      | Noticed Sigmund
  2417 | D:3      | Reached skill level 5 in Unarmed Combat
  2557 | D:3      | Reached XP level 5. HP: 27/40 MP: 5/8
  2569 | D:3      | Reached skill level 1 in Poison Magic
  2915 | D:3      | HP: 2/41 [gnoll/cursed -2 halberd (6)]
  3526 | D:4      | Found an opulent altar of Gozag.
  3561 | D:4      | Reached skill level 6 in Unarmed Combat
  3561 | D:4      | Reached XP level 6. HP: 38/48 MP: 7/9
  3705 | D:4      | Found Riugraag's Armour Shop.
  3996 | D:4      | Found a blossoming altar of Fedhas.
  3998 | D:4      | Found a burning altar of Makhleb.
  4211 | D:5      | Entered Level 5 of the Dungeon
  4468 | D:5      | Your scales start taking on a rich purple colour.
  4468 | D:5      | Reached XP level 7. HP: 50/53 MP: 9/11
  4589 | D:5      | Found Nufeulax's Weapon Shoppe.
  4796 | D:5      | Reached skill level 7 in Unarmed Combat
  4800 | D:5      | HP: 2/55 [orc wizard/magic dart (5)]
  4802 | D:5      | Slain by a gnoll

Levels and vault maps discovered:
D:1:      lightli_arrival_windingriver, layout_loops_cross
D:2:      layout_loops_cross, first_ration
D:3:      layout_loops_ring, serial_forest, infiniplex_forest_clump_diagonal,
          infiniplex_forest_lined_corner, infiniplex_forest_straight_2,
          infiniplex_forest_clump_large, infiniplex_forest_lined_ring,
          infiniplex_forest_lined_3, minmay_fractal_squares_5, uniq_sigmund
D:4:      layout_basic, nicolae_overflow_hidden_temple, serial_shops, shop
D:5:      layout_basic, kennysheep_small_square, uniq_menkaure

Skill      XL: |  1  2  3  4  5  6  7 |
---------------+----------------------+-----
Dodging        | 2 |  2.2
Unarmed Combat | 4 5 6 7 |  7.0
Stealth        | 1 |  1.1
Poison Magic   | 1 2 |  2.0
Spellcasting   | 3 |  3.1
Fighting       | 2 |  2.0
Transmutations | |  2.7

Action                   |  1- 3 |  4- 6 |  7- 9 || total
-------------------------+-------+-------+-------++-------
Melee: Unarmed           |   172 |   236 |    27 ||   435
       Headbutt          |     7 |     9 |     1 ||    17
       Tailslap          |    12 |    29 |     3 ||    44
       Kick              |     4 |    32 |     5 ||    41
       Punch             |     3 |     4 |       ||     7
Throw: Stone             |       |     6 |     2 ||     8
 Cast: Beastly Appendage |    17 |    19 |     5 ||    41
  Use: Scroll            |     1 |     1 |     1 ||     3
       Potion            |       |       |     1 ||     1
 Stab: Sleeping          |     5 |     1 |     1 ||     7
  Eat: Chunk             |     4 |     9 |     1 ||    14
Armor: Skin              |    59 |    64 |    16 ||   139
Dodge: Dodged            |   113 |   115 |    26 ||   254

Table legend:
 A = Non-vault XP
 B = Vault XP
 C = Vault XP percentage of total XP
 D = Non-vault monster count
 E = Vault monster count
 F = Vault count percentage of total count
                 A         B        C        D         E       F
            +---------+---------+-------+---------+---------+-------
      Total |     851 |      24 |   2.7 |      86 |       6 |   6.5
            +---------+---------+-------+---------+---------+-------
        D:1 |      33 |       0 |   0.0 |      20 |       0 |   0.0
        D:2 |      59 |       0 |   0.0 |      20 |       0 |   0.0
        D:3 |     244 |      19 |   7.2 |      24 |       5 |  17.2
        D:4 |     219 |       0 |   0.0 |      11 |       0 |   0.0
        D:5 |     296 |       5 |   1.7 |      11 |       1 |   8.3
            +---------+---------+-------+---------+---------+-------
